 Dungeon Crawl Stone Soup version 0.17-a0-1910-g4c791fa (webtiles) character file.

6521 Goblin1989 the Martial Artist (level 10, -2/85 HPs)
             Began as a Demonspawn Monk on Sept 25, 2015.
             Was a High Priest of Cheibriados.
             Slain by a spiny frog (12 damage)
             ... on level 2 of the Lair of Beasts.
             The game lasted 00:49:25 (13273 turns).

Goblin1989 the Martial Artist (Demonspawn Monk)    Turns: 13273, Time: 00:49:25

Health: -2/85      AC: 12    Str: 23    XL:     10   Next: 69%
Magic:  14/14      EV: 12    Int: 27    God:    Cheibriados [*****.]
Gold:   291        SH:  0    Dex: 28    Spells: 2 memorised, 3 levels left

rFire  . . .     SeeInvis .       - Unarmed
rCold  + . .     Clarity  .     D - +0 scale mail
rNeg   . . .     SustAt   .     (no shield)
rPois  +         Gourm    .     x - +2 hat {MR+}
rElec  .         Spirit   .     (no cloak)
rCorr  .         Warding  .     n - +0 pair of gloves
rMut   +         Stasis   .     s - +0 pair of boots
MR     ++...                    w - amulet of resist mutation
Stlth  ++........               t - ring of poison resistance
                                y - ring of protection from magic

@: very slightly contaminated, invisible, very slow, very resistant to hostile
enchantments, unstealthy
A: antennae 2, molten scales 1, cold resistance 1
a: Bend Time, Temporal Distortion, Slouch, Step From Time, Renounce Religion


You were on level 2 of the Lair of Beasts.
You worshipped Cheibriados.
Cheibriados was extremely pleased with you.
You were hungry.

You visited 2 branches of the dungeon, and saw 11 of its levels.

You collected 591 gold pieces.
You spent 300 gold pieces at shops.

Inventory:

Armour
 n - a +0 pair of gloves (worn)
 s - a +0 pair of boots (worn)
 x - a +2 hat of magic resistance (worn)
 D - a +0 scale mail (worn)
Jewellery
 t - a ring of poison resistance (right hand)
 w - an amulet of resist mutation (around neck)
 y - a ring of protection from magic (left hand)
Magical devices
 a - a wand of fireball (5)
 c - a wand of disintegration (8)
 v - a wand of magic darts (12)
 F - a wand of magic darts (25)
 G - a wand of frost (22)
Scrolls
 e - 5 scrolls of teleportation
 f - a scroll of enchant armour
 i - 6 scrolls of random uselessness {unknown}
 l - 3 scrolls of fear
 o - 9 scrolls of remove curse
 r - 3 scrolls of immolation {unknown}
 u - 4 scrolls of fog {unknown}
 z - 2 scrolls of magic mapping
Potions
 g - 2 potions of invisibility
 h - a potion of cancellation
 m - 2 potions of heal wounds
 p - a potion of brilliance
 A - a potion of cure mutation
 E - a potion of ambrosia
 H - a potion of flight {unknown}
Books
 B - a book of Clouds

   Spells                             Type                      Level
   a - Mephitic Cloud                 Conjuration/Poison/Air       3
   b - Conjure Flame                  Conjuration/Fire             3
   c - Poisonous Cloud                Conjuration/Poison/Air       6
   d - Freezing Cloud                 Conjuration/Ice/Air          6
   e - Ring of Flames                 Charms/Fire                  7
 C - a book of Unlife

   Spells                             Type                      Level
   a - Recall                         Summoning/Translocation      3
   b - Animate Dead                   Necromancy                   4
   c - Control Undead                 Necromancy                   4
   d - Cigotuvi's Embrace             Necromancy                   5
   e - Death Channel                  Necromancy                   6
   f - Simulacrum                     Ice/Necromancy               6
 J - a book of Necromancy

   Spells                             Type                      Level
   a - Pain                           Necromancy                   1
   b - Animate Skeleton               Necromancy                   1
   c - Vampiric Draining              Necromancy                   3
   d - Regeneration                   Charms/Necromancy            3
   e - Animate Dead                   Necromancy                   4
   f - Control Undead                 Necromancy                   4
Comestibles
 b - 7 bread rations
 d - 3 meat rations
 k - 7 fruits
 q - 2 beef jerkies


   Skills:
 * Level 10.0 Fighting
 + Level 4.6 Armour
 - Level 2.6 Dodging
 - Level 1.7 Stealth
 + Level 10.9 Unarmed Combat
 + Level 5.6 Invocations


You had 3 spell levels left.
You knew the following spells:

 Your Spells              Type           Power        Failure   Level  Hunger
a - Regeneration          Chrm/Necr      #.........   83%         3    ####...
b - Vampiric Draining     Necr           #.........   83%         3    ####...


Dungeon Overview and Level Annotations

Branches:
Dungeon (9/15)             Temple (0/1) D:6            Lair (2/8) D:9
    Orc: D:9-12

Altars:
Ashenzari
Cheibriados
Elyvilon
Fedhas
Gozag
Makhleb
Nemelex Xobeh
Qazlal
Ru
Trog
Vehumet
Xom
Zin
The Shining One

Shops:
D:6 *

Annotations:
D:5 Grinder


Innate Abilities, Weirdness & Mutations

You have a pair of antennae on your head.
You are partially covered in molten scales (AC +1).
Your flesh is cold resistant.


Message History

The yak is heavily wounded.
The spiny frog stings you! The yak closely misses you.
You punch the yak!
The yak is severely wounded.
The spiny frog stings you!
* * * LOW HITPOINT WARNING * * *
The crocodile bites you but does no damage.
The yak misses you.
Drink which item? (? for menu, Esc to quit)
You fade into invisibility!
The spiny frog stings you!
* * * LOW HITPOINT WARNING * * *
The crocodile misses you. The spiny frog closely misses you.
The yak barely misses you.
You are very lightly contaminated with residual magic.
You catch the helpless yak completely off-guard!
You hit the yak.
The yak is severely wounded.
The crocodile closely misses you. The spiny frog stings you!
You die...

.........#.........
....P....#...%..........
....#...................#.
.......................#....
.......................?....
....................#.S..8..
....................#.......
†................Y#.......#
#<..........####@##{.8....##
...........##.8t#FY.........
...........#....YY..........
#..........#8.<..+.8.<.8..8)
.................#..........
....>......#..8.##..........
#...........#.#..##..8....##
...................#......#
....................#.......


You could see 3 yaks, a spiny frog and a crocodile.

Vanquished Creatures
  A black mamba (Lair:1)
  3 spiny frogs
  2 yaks
  3 hippogriffs (D:9)
  Grum (D:8)
  A wyvern (Lair:2)
  A basilisk (D:9)
  4 wolves
  3 water moccasins
  Duvessa (D:4)
  2 sky beasts (D:8)
  An orc warrior (D:9)
  3 phantoms
  2 black bears
  3 ogres
  An ice beast (D:7)
  A centaur (D:8)
  3 crocodiles (Lair:1)
  9 giant frogs
  A gnoll sergeant (D:8)
  Dowan (D:4)
  5 scorpions
  5 crimson imps
  2 orc wizards
  A giant frog skeleton (D:7)
  A jelly (D:8)
  4 hounds
  A quasit (D:7)
  3 iguanas
  4 worker ants
  A hound zombie (D:8)
  A mummy (D:5)
  A worker ant zombie (D:9)
  11 adders
  5 gnolls (D:8)
  4 shadow imps
  27 river rats
  An ooze (D:4)
  2 adder skeletons
  3 worms
  An adder zombie (D:5)
  A giant gecko (D:7)
  18 orcs
  A ball python (D:8)
  11 bats
  7 giant cockroaches
  14 goblins
  10 hobgoblins
  8 jackals
  7 quokkas
  2 giant newts (D:2)
  2 jackal skeletons
  8 kobolds
  A quokka skeleton (D:5)
  3 rats
223 creatures vanquished.

Vanquished Creatures (others)
  4 fungi
  10 plants
14 creatures vanquished.

Grand Total: 237 creatures vanquished

Notes
Turn   | Place    | Note
--------------------------------------------------------------
     0 | D:1      | Goblin1989 the Demonspawn Monk began the quest for the Orb.
     0 | D:1      | Reached XP level 1. HP: 18/18 MP: 1/1
   167 | D:1      | Reached skill level 4 in Unarmed Combat
   190 | D:1      | Gained mutation: Your flesh is cold resistant. [demonic ancestry]
   190 | D:1      | Reached XP level 2. HP: 16/24 MP: 2/2
  1042 | D:2      | Reached XP level 3. HP: 29/29 MP: 3/3
  1343 | D:2      | Found a stormy altar of Qazlal.
  1434 | D:2      | Reached skill level 5 in Unarmed Combat
  1616 | D:2      | Reached XP level 4. HP: 26/35 MP: 4/4
  2863 | D:3      | Gained mutation: You have a pair of small antennae on your head. [demonic ancestry]
  2863 | D:3      | Reached XP level 5. HP: 4/41 MP: 5/5
  2867 | D:3      | HP: 1/41 [orc/club (2)]
  3439 | D:3      | Found a sparkling altar of Nemelex Xobeh.
  3640 | D:4      | Reached skill level 6 in Unarmed Combat
  3867 | D:4      | Found a blossoming altar of Fedhas.
  3869 | D:4      | Found a glowing golden altar of the Shining One.
  3870 | D:4      | Found a white marble altar of Elyvilon.
  3870 | D:4      | Found a radiant altar of Vehumet.
  3870 | D:4      | Found a bloodstained altar of Trog.
  3872 | D:4      | Found a shattered altar of Ashenzari.
  3937 | D:4      | HP: 2/41 [poisoned by a scorpion]
  4301 | D:4      | Gained mutation: You have a pair of antennae on your head. [demonic ancestry]
  4301 | D:4      | Reached XP level 6. HP: 47/47 MP: 6/6
  4430 | D:4      | Found a glowing silver altar of Zin.
  4430 | D:4      | Noticed an angel
  4505 | D:4      | Found a shimmering altar of Xom.
  4535 | D:4      | Noticed Dowan
  4796 | D:4      | Noticed Duvessa
  4825 | D:4      | Killed Duvessa
  4825 | D:4      | Reached skill level 7 in Unarmed Combat
  4840 | D:4      | Killed Dowan
  5061 | D:4      | Noticed an ogre
  5094 | D:5      | Entered Level 5 of the Dungeon
  5118 | D:5      | Reached XP level 7. HP: 43/53 MP: 7/7
  5367 | D:5      | Noticed Grinder
  5598 | D:5      | Found a snail-covered altar of Cheibriados.
  5614 | D:5      | Became a worshipper of Cheibriados the Contemplative
  5614 | D:5      | Acquired Cheibriados's first power
  5975 | D:5      | Reached skill level 8 in Unarmed Combat
  6257 | D:6      | Found a staircase to the Ecumenical Temple.
  6496 | D:6      | Found Gozag's Platinum Reserve.
  6497 | D:6      | Found an opulent altar of Gozag.
  6865 | D:7      | Reached XP level 8. HP: 43/61 MP: 8/8
  6890 | D:7      | Reached skill level 5 in Fighting
  7185 | D:7      | Reached skill level 9 in Unarmed Combat
  7274 | D:7      | Found a burning altar of Makhleb.
  7411 | D:7      | Found Vopludote's Magic Scroll Emporium.
  7420 | D:7      | Bought a scroll of magic mapping for 35 gold pieces
  7420 | D:7      | Bought a scroll of remove curse for 30 gold pieces
  7420 | D:7      | Bought a scroll of vulnerability for 75 gold pieces
  7420 | D:7      | Bought a scroll of identify for 20 gold pieces
  7420 | D:7      | Bought a scroll of identify for 20 gold pieces
  7420 | D:7      | Bought a scroll of identify for 20 gold pieces
  7420 | D:7      | Bought a scroll of fear for 35 gold pieces
  7420 | D:7      | Bought a scroll of teleportation for 30 gold pieces
  7420 | D:7      | Bought a scroll of magic mapping for 35 gold pieces
  8158 | D:4      | Killed an ogre
  8611 | D:8      | Reached skill level 10 in Unarmed Combat
  8611 | D:8      | Gained mutation: You are partially covered in molten scales (AC +1). [demonic ancestry]
  8611 | D:8      | Reached XP level 9. HP: 62/71 MP: 9/9
  8747 | D:8      | Acquired Cheibriados's second power
  8770 | D:8      | Noticed Grum
  8791 | D:8      | Killed Grum
  8791 | D:8      | Reached skill level 1 in Invocations
  9241 | D:8      | Reached skill level 1 in Armour
  9704 | D:9      | Found a staircase to the Lair.
 10430 | D:9      | Acquired Cheibriados's third power
 10486 | D:9      | Found a sacrificial altar of Ru.
 10693 | D:9      | Reached XP level 10. HP: 82/82 MP: 12/12
 10793 | Lair:1   | Entered Level 1 of the Lair of Beasts
 11398 | Lair:1   | Noticed a black mamba
 11408 | Lair:1   | Killed a black mamba
 11751 | Lair:1   | Noticed a five-headed hydra
 11826 | Lair:1   | Learned a level 3 spell: Regeneration
 11830 | Lair:1   | Learned a level 3 spell: Vampiric Draining
 12412 | Lair:2   | Reached skill level 5 in Invocations
 12634 | Lair:2   | Acquired Cheibriados's fourth power
 12760 | Lair:2   | Reached skill level 10 in Fighting
 13273 | Lair:2   | Slain by a spiny frog

Vault maps used:
D:1:      minmay_arrival_four_circles
D:2:      first_bread, minivault_23, nicolae_qazlal_eye_of_the_storm
D:3:      overflow_temple_1_default
D:4:      grunt_temple_overflow_order_and_chaos_1, ashenzari_altar_1,
          grunt_temple_overflow_open, uniq_duvessa
D:5:      slow_altar_1, uniq_grinder
D:6:      nicolae_gozag_zags_fifth_avenue, minmay_temple_entry_poolview
D:7:      serial_shops, shop_scrolls, basic_altar, abandoned_shop
D:8:      uniq_grum
D:9:      lemuel_doored_altar, dpeg_lair_monsters
Lair:1:   wad_woods_river_01
Lair:2:   grunt_megastairs_3, serial_bayou_shore_a, infiniplex_staircase_pool,
          lemuel_fruit_fields

Action                   |  1- 3 |  4- 6 |  7- 9 | 10-12 || total
-------------------------+-------+-------+-------+-------++-------
Melee: Unarmed           |   141 |   287 |   452 |   198 ||  1078
Evoke: Wand              |       |       |       |     1 ||     1
  Use: Potion            |       |     8 |     3 |     1 ||    12
       Scroll            |       |     5 |     7 |     1 ||    13
 Stab: Sleeping          |     2 |     7 |     3 |       ||    12
       Distracted        |     1 |     1 |       |       ||     2
       Invisible         |       |    11 |     4 |     1 ||    16
  Eat: Chunk             |     2 |     9 |     5 |     2 ||    18
       Pizza             |       |     1 |     2 |     1 ||     4
       Beef jerky        |       |     1 |     1 |       ||     2
